 Dungeon Crawl Stone Soup version 0.19.1-1-g22dce08 (webtiles) character file.

114227 Gargoyl the Corrupter of Planes (level 16, -3/134 (135) HPs)
             Began as a Ghoul Abyssal Knight on Dec 29, 2016.
             Was the Champion of Lugonu.
             Killed from afar by a Hell Sentinel (16 damage)
             ... with damnation
             ... summoned by a deep elf demonologist
             ... on level 1 of the Elven Halls.
             The game lasted 01:24:24 (31187 turns).

Gargoyl the Corrupter of Planes (GhAK)             Turns: 31187, Time: 01:24:24

HP:   -3/134 (135)  AC: 31    Str: 32 (33) XL:     16   Next: 65%
MP:   14/25         EV: 10    Int: 10      God:    Lugonu [******]
Gold: 185           SH: 30    Dex: 17 (18) Spells: 0 memorised, 15 levels left

rFire  . . .     SeeInvis .     T - +4 broad axe (chop)
rCold  + . .     Gourm    .     b - +4 chain mail "Ahelocsiy" {-Cast Str+9 Dex+8}
rNeg   + + +     Faith    .     e - +5 large shield
rPois  ∞         Spirit   .     L - +2 helmet {Int+3}
rElec  .         Reflect  +     E - +2 cloak
rCorr  .         Harm     .     B - +2 pair of gloves
MR     +....     NoCast   +     f - +1 pair of boots
Stlth  ..........               J - +3 amulet of reflection
                                p - +2 ring of protection
                                o - +3 ring of strength

@: about to teleport, very slightly contaminated, rotting, slowed, very slow
A: rotting body, claws 1, carnivore 3, cold resistance 1, negative energy
resistance 3, slow regeneration 1, torment resistance, unbreathing
a: Depart the Abyss, Bend Space, Banish, Corrupt, Enter the Abyss, Brand Weapon
With Distortion, Renounce Religion


You were on level 1 of the Elven Halls.
You worshipped Lugonu.
Lugonu was exalted by your worship.
You were not hungry.

You visited 4 branches of the dungeon, and saw 25 of its levels.
You visited the Abyss 1 time.
You also visited: Labyrinth, Ossuary and Ice Cave.

You collected 2603 gold pieces.
You spent 2418 gold pieces at shops.

Inventory:

Hand Weapons
 i - a +4 hand axe of flaming
 r - the +8 flail of Alar {elec, rElec Str+4 Dex+4 Stlth+}
   (You found it on level 1 of the Elven Halls)

   Occasionally, upon striking a foe, it will discharge some electrical energy
   and cause terrible harm.
   It affects your strength (+4).
   It affects your dexterity (+4).
   It insulates you from electricity.
   It makes you more stealthy.
 A - a +3 hand axe of electrocution
 T - a +4 broad axe of chopping (weapon)
 X - a +2 trident of venom
Missiles
 q - 23 tomahawks (quivered)
Armour
 b - the +4 chain mail "Ahelocsiy" (worn) {-Cast Str+9 Dex+8}
   (You bought it in a shop on level 2 of the Orcish Mines)

   It affects your strength (+9).
   It affects your dexterity (+8).
   It prevents spellcasting.
 e - a +5 large shield (worn)
 f - a +1 pair of boots (worn)
 g - a +4 plate armour of magic resistance
 B - a +2 pair of gloves (worn)
 E - a +2 cloak (worn)
 L - a +2 helmet of intelligence (worn)
Jewellery
 d - an uncursed ring of see invisible
 j - an uncursed ring of protection from cold
 k - an uncursed amulet of harm {unknown}
 o - a +3 ring of strength (left hand)
 p - a +2 ring of protection (right hand)
 s - an uncursed ring of flight
 w - an uncursed ring of resist corrosion
 D - an uncursed ring of protection from cold
 J - a +3 amulet of reflection (around neck)
Wands
 l - a wand of acid (6/15)
 I - a wand of enslavement (18/24)
 O - a wand of teleportation (1/9)
Scrolls
 a - a scroll of recharging
 t - 3 scrolls of magic mapping
 u - 4 scrolls of teleportation
 v - 7 scrolls of remove curse
 M - 2 scrolls of fog
Potions
 h - a potion of haste
 n - a potion of invisibility
 z - a potion of might
 C - a potion of curing
 F - a potion of resistance
 H - a potion of ambrosia
 N - 4 potions of flight
 R - a potion of agility
 W - a potion of brilliance
Books
 K - the Catalogue of Supportive Combat Magic
   (You found it on level 1 of the Elven Halls)

   Spells                             Type                      Level
   a - Summon Small Mammal            Summoning                    1
   b - Searing Ray                    Conjuration                  2
   c - Lightning Bolt                 Conjuration/Air              5
   d - Conjure Ball Lightning         Conjuration/Air              6
 P - a book of Callings

   Spells                             Type                      Level
   a - Summon Small Mammal            Summoning                    1
   b - Call Imp                       Summoning                    2
   c - Call Canine Familiar           Summoning                    3
   d - Summon Guardian Golem          Hexes/Summoning              3
   e - Summon Lightning Spire         Summoning/Air                4
   f - Summon Ice Beast               Ice/Summoning                4
Comestibles
 c - 17 meat rations
 x - 2 slices of pizza
 G - 2 beef jerkies


   Skills:
 + Level 10.3 Fighting
 + Level 13.3 Axes
 + Level 0.1(8.8) Maces & Flails
 + Level 0.5 Throwing
 * Level 11.6 Armour
 + Level 4.9 Dodging
 + Level 13.7 Shields
 * Level 14.1 Invocations


You had 15 spell levels left.
You didn't know any spells.

Dungeon Overview and Level Annotations

Branches:
Dungeon (15/15)            Temple (0/1) D:5            Lair (6/6) D:9
 Shoals (0/4) Lair:3        Snake (0/4) Lair:3        Slime (0/5) Lair:6
    Orc (2/2) D:11            Elf (2/3) Orc:2        Vaults (0/5) D:14
 Depths (0/5) D:15

Altars:
Ashenzari
Dithmenos
Elyvilon
Hepliaklqana
Kikubaaqudgha
Makhleb
Ru
Xom
Yredelemnul

Shops:
D:4 [   D:8 *   D:15 ?   Orc:1 :   Orc:2 =(*[

Portals:
Trove: D:14 (show slimy rune of Zot)


Innate Abilities, Weirdness & Mutations

Your body is rotting away.
You thrive on raw meat.
You are immune to poison.
You have sharp fingernails.
You are carnivorous and can eat meat at any time.
Your flesh is cold resistant. (rC+)
You are immune to negative energy. (rN+++)
You regenerate slowly when monsters are visible.
You are immune to unholy pain and torment.
You can survive without breathing.


Message History

You assume a fearsome visage.
The Hell Sentinel is unaffected.
The deep elf demonologist resists with some effort.
The cacodemon is unaffected.
The hellwing is unaffected.
The balrug is unaffected.
You block the Hell Sentinel's attack. x2
The cacodemon hits you but does no damage.
The cacodemon barely misses you.
You block the deep elf demonologist's attack.
The Hell Sentinel hits you!
* * * LOW HITPOINT WARNING * * *
The Hell Sentinel hits you but does no damage.
The cacodemon barely misses you. x2
Blink to where?
Press: ? - help, Dir - move target cursor, p - deep elf demonologist You are very lightly contaminated with residual magic.
As you read the scroll of blinking, it crumbles to dust.
As you read the scroll of teleportation, it crumbles to dust.
You feel strangely unstable. The Hell Sentinel gestures at you.
The sphere of damnation explodes!
The damnation engulfs you!
You die...

##.'## #.# #####...#### #.#.##
#.# #..........# ####.##
##'####.########.#
##..###.....#.##....##.# #
#..##........#......#.# ###### ##
##'.........#......#.# (#...###.
#....).....#...)..#.#
.)......2####.......>..#......#..
.......4.2e.'...@......##(}.[##..
.......2.1.......[...#####''#####
.......#.##.#......#####......###
.....[.## ###....####..........#
##..(### ##'..####..........).
##### ##.#.## #..#..#..#..#.
##.##.# ##.............
######.###.# #..#..#....#..#
##...#'## #.# #.............[


You could see a Hell Sentinel, a cacodemon and a deep elf demonologist.

Vanquished Creatures
  A sphinx (D:14)
  Roxanne (D:14)
  A deep elf sorcerer (Elf:1)
  A deep elf elementalist (Elf:1)
  An orc warlord (Orc:1)
  A deep elf demonologist (Elf:1)
  Snorg (D:11)
  2 ettins
  Josephine (Orc:1)
  A minotaur (Lab)
  4 vault guards (D:14)
  A centaur warrior (D:14)
  2 catoblepae
  The ghost of eXcel the Archer, a novice CeHu of Okawaru (D:10)
  A rakshasa (D:14)
  4 death yaks
  A deep troll shaman (Lair:5)
  6 dancing weapons
  3 orc high priests
  A deep elf knight (Elf:1)
  4 skeletal warriors (D:15)
  4 unseen horrors
  Pikel (D:3)
  A wizard (D:14)
  5 hill giants
  A deep elf archer (Elf:1)
  A wolf spider zombie (D:14)
  4 orc knights
  2 phantasmal warriors
  An oklob plant (Lair:6)
  23 deep elf magi
  A necromancer (D:15)
  4 ugly things
  4 orc sorcerers (Orc:2)
  3 manticores
  6 cyclopes
  A tengu skeleton (D:15)
  A siren (Lair:3)
  20 elephants
  4 black mambas
  2 gargoyles
  A torpor snail (Lair:5)
  An efreet (D:13)
  16 spiny frogs
  5 komodo dragons
  A kobold demonologist (D:12)
  A rime drake (Lair:6)
  2 guardian mummies
  A merfolk (Lair:3)
  A redback zombie (D:15)
  2 trolls
  A harpy zombie (D:15)
  2 two-headed ogres
  A meliai (D:13)
  3 polar bears
  2 hornets (D:14)
  2 deep troll zombies (D:15)
  10 blink frogs
  9 slime creatures
  5 hippogriffs
  A fire dragon skeleton (D:15)
  2 centaur simulacra (D:14)
  2 shadows
  A spriggan (shapeshifter) (D:14)
  2 vampires
  Sigmund (D:4)
  3 air elementals
  4 wyverns
  A spriggan (D:12)
  5 wraiths
  23 yaks
  A fire elemental (Elf:1)
  5 hungry ghosts
  2 vampire mosquitoes
  A steam dragon (D:13)
  A basilisk (Lair:6)
  A redback simulacrum (D:14)
  Menkaure (D:6)
  Edmund (D:4)
  4 mottled dragons
  2 nagas (Lair:3)
  A soldier ant (D:11)
  10 water moccasins
  6 porcupines
  29 orc warriors
  A meliai simulacrum (D:14)
  A hornet zombie (D:13)
  7 sky beasts
  A phantom (D:9)
  7 ice beasts
  An eye of draining (shapeshifter) (D:14)
  An eye of draining (D:14)
  13 wolves
  5 boggarts
  11 ogres
  7 centaurs
  14 crocodiles
  6 big kobolds
  23 bullfrogs
  An earth elemental (Lab)
  2 wyvern zombies
  A wyvern skeleton (D:7)
  5 scorpions
  8 wights
  9 killer bees
  A vampire bat (D:3)
  An electric eel (Lair:3)
  4 howler monkeys
  4 centaur zombies
  7 crimson imps
  2 bullfrog zombies
  5 jellies
  29 orc priests
  2 bullfrog skeletons
  7 hounds
  2 quasits
  4 centaur skeletons
  22 orc wizards
  6 iguanas
  6 worker ants
  A hound zombie (D:7)
  13 mummies (Ossuary)
  2 hound skeletons
  Robin (D:3)
  7 gnolls (D:4)
  12 adders
  5 shadow imps
  16 white imps
  A howler monkey simulacrum (D:8)
  A worker ant simulacrum (D:8)
  An ufetubus (D:8)
  2 oozes
  2 worms
  A dart slug (D:2)
  6 leopard geckos
  65 orcs
  2 ball pythons
  7 giant cockroaches
  16 goblins
  12 hobgoblins
  10 jackals
  22 kobolds
  9 quokkas
  11 bats
  6 frilled lizards
  A gnoll skeleton (Ossuary)
  A goblin skeleton (Ossuary)
  A jackal zombie (D:9)
  2 kobold skeletons (Ossuary)
  2 leopard gecko skeletons (D:7)
  4 orc skeletons (Ossuary)
  5 rats
  11 rat skeletons (Ossuary)
  4 fungi
  A plant (Lair:6)
793 creatures vanquished.

Vanquished Creatures (others)
  The ghost of lupus83 the Peltast, a journeyman MiFi of Okawaru (Lair:6)
  Nessos (Lair:5)
  6 hydras
  A hydra (shapeshifter) (D:14)
  A centaur warrior (D:14)
  A death yak (D:9)
  A deep elf knight (Elf:1)
  4 deep elf archers (Elf:1)
  A lindwurm (Lair:6)
  4 yaktaurs (D:15)
  2 meliai (D:13)
  A wraith (D:14)
  A basilisk (Lair:3)
  A slave (D:4)
  3 centaurs
  2 electric eels (D:8)
  A crimson imp (D:4)
  A quasit (D:8)
  An orc priest (D:4)
  A white imp (D:8)
  An adder simulacrum (D:8)
  An orc (Orc:1)
  2 kobolds (D:11)
  A quokka (D:4)
  8 fungi
  11 plants (Lair:6)
59 creatures vanquished.

Grand Total: 852 creatures vanquished

Notes
Turn   | Place    | Note
-------+----------+-------------------------------------------
     0 | Abyss:1  | Gargoyl the Ghoul Abyssal Knight began the quest for the Orb.
     0 | Abyss:1  | Reached XP level 1. HP: 19/19 MP: 1/1
    37 | Abyss:1  | Noticed a crimson imp
    45 | Abyss:1  | Noticed a crimson imp
    59 | D:1      | Escaped the Abyss
   484 | D:1      | Reached skill level 1 in Dodging
   656 | D:1      | Reached * piety under Lugonu
   656 | D:1      | Reached XP level 2. HP: 26/26 MP: 2/2
  1317 | D:2      | Reached XP level 3. HP: 22/33 MP: 3/3
  1725 | D:3      | Reached XP level 4. HP: 30/40 MP: 4/4
  1730 | D:3      | Reached skill level 1 in Shields
  1732 | D:3      | Reached ** piety under Lugonu
  1949 | D:3      | Found a faded altar of an unknown god.
  2077 | D:3      | Reached XP level 5. HP: 38/46 MP: 5/5
  2123 | D:3      | Noticed Robin
  2138 | D:3      | Killed Robin
  2300 | D:3      | Reached *** piety under Lugonu
  2608 | D:4      | Reached skill level 3 in Invocations
  2608 | D:4      | Reached XP level 6. HP: 45/52 MP: 7/7
  2947 | D:4      | Noticed Edmund
  2983 | D:4      | Killed Edmund
  2983 | D:4      | Reached XP level 7. HP: 13/59 MP: 8/8
  2993 | D:4      | Found Inuiha Piats's Armour Emporium.
  3288 | D:4      | Bought a +1 pair of boots for 126 gold pieces
  3352 | D:4      | Noticed Pikel
  3400 | D:3      | Killed Pikel
  3400 | D:3      | Reached skill level 4 in Invocations
  3400 | D:3      | Reached XP level 8. HP: 55/67 MP: 8/10
  3843 | D:4      | Noticed Sigmund
  3863 | D:4      | Killed Sigmund
  3863 | D:4      | Reached skill level 5 in Fighting
  3863 | D:4      | Reached skill level 5 in Invocations
  4186 | D:5      | Entered Level 5 of the Dungeon
  4359 | D:5      | Found a staircase to the Ecumenical Temple.
  4367 | D:5      | Found a sand-covered staircase.
  4372 | Ossuary  | Entered an ossuary
  4691 | Ossuary  | Reached **** piety under Lugonu
  5029 | D:5      | Reached skill level 5 in Axes
  5029 | D:5      | Reached XP level 9. HP: 60/73 MP: 12/12
  5075 | D:5      | Found a hazy altar of Hepliaklqana.
  5223 | D:5      | Found a shadowy altar of Dithmenos.
  5350 | D:5      | Found a faded altar of an unknown god.
  5350 | D:5      | Found a faded altar of an unknown god.
  5391 | D:5      | Found a faded altar of an unknown god.
  5394 | D:5      | Found a basalt altar of Yredelemnul.
  5396 | D:5      | Found a faded altar of an unknown god.
  5507 | D:6      | Found a shadowy altar of Dithmenos.
  5631 | D:6      | Reached skill level 5 in Shields
  5764 | D:6      | Found a white marble altar of Elyvilon.
  5823 | D:6      | Noticed Menkaure
  5838 | D:6      | Killed Menkaure
  5838 | D:6      | Reached skill level 6 in Invocations
  5976 | D:6      | Reached skill level 5 in Armour
  6756 | D:7      | Found an ancient bone altar of Kikubaaqudgha.
  7309 | D:8      | Noticed a polar bear
  7336 | D:8      | Killed a polar bear
  7350 | D:8      | Reached XP level 10. HP: 20/83 MP: 14/14
  7589 | D:8      | Reached skill level 7 in Invocations
  7786 | D:8      | Found Peryal's General Store.
  7801 | D:8      | Bought 2 scrolls of teleportation for 84 gold pieces
  7896 | D:8      | Reached ***** piety under Lugonu
  8364 | D:9      | Found a shimmering altar of Xom.
  8388 | D:9      | Found a burning altar of Makhleb.
  8590 | D:9      | Found a sacrificial altar of Ru.
  8614 | D:9      | Noticed an elephant
  8615 | D:9      | Noticed a death yak
  8680 | D:8      | Killed an elephant
  8828 | D:9      | Found a staircase to the Lair.
  8861 | D:9      | Banished a death yak
  8943 | D:9      | Found a shattered altar of Ashenzari.
  9024 | D:9      | Reached skill level 8 in Invocations
  9201 | D:9      | Noticed a spiny frog
  9229 | D:9      | Killed a spiny frog
  9229 | D:9      | Reached XP level 11. HP: 62/91 MP: 16/16
  9373 | D:10     | Entered Level 10 of the Dungeon
  9376 | D:10     | Noticed a hill giant
  9385 | D:10     | Banished a hill giant
  9502 | D:10     | Noticed eXcel's ghost (novice CeHu)
  9649 | Lair:1   | Entered Level 1 of the Lair of Beasts
  9856 | Lair:1   | You fall through a shaft!
 10924 | Lair:2   | Noticed a seven-headed hydra
 10925 | Lair:2   | Banished a seven-headed hydra
 11571 | Lair:3   | Noticed a four-headed hydra
 11574 | Lair:3   | Banished a four-headed hydra
 12035 | Lair:3   | Reached skill level 9 in Invocations
 12122 | Lair:3   | HP: 2/91 [basilisk (3)]
 12313 | Lair:3   | Reached XP level 12. HP: 57/97 MP: 18/18
 12503 | Lair:3   | Found a staircase to the Snake Pit.
 12593 | Lair:3   | Noticed a catoblepas
 12933 | Lair:3   | Killed a catoblepas
 13241 | Lair:3   | Found a staircase to the Shoals.
 13549 | Lair:3   | Reached skill level 10 in Invocations
 14604 | Lair:5   | Noticed Nessos
 14618 | Lair:5   | Killed Nessos
 14947 | Lair:5   | Reached XP level 13. HP: 61/107 MP: 20/20
 15029 | Lair:5   | Got a pitted short sword
 15030 | Lair:5   | Identified the +5 short sword "Xirarph" {venom, Int+3} (You found it on level 5 of the Lair of Beasts)
 15385 | Lair:6   | Entered Level 6 of the Lair of Beasts
 15445 | Lair:6   | Reached skill level 10 in Axes
 15505 | Lair:6   | Found a frozen archway.
 15518 | Lair:6   | Reached skill level 10 in Shields
 15547 | IceCv    | Entered an ice cave
 15944 | Lair:6   | Found a staircase to the Slime Pits.
 16359 | Lair:6   | Reached skill level 11 in Invocations
 17155 | Lair:6   | Noticed lupus83's ghost (journeyman MiFi)
 18222 | Lair:5   | Reached XP level 14. HP: 74/114 MP: 21/21
 18374 | Lair:6   | Banished lupus83's ghost
 18952 | D:10     | Killed eXcel's ghost
 19034 | D:10     | Reached skill level 12 in Invocations
 19854 | D:11     | Found a staircase to the Orcish Mines.
 19863 | D:11     | Paralysed by an orc priest for 3 turns
 21402 | D:13     | Found a labyrinth entrance.
 21412 | Lab      | Entered a labyrinth
 21754 | Lab      | Reached skill level 10 in Armour
 21898 | Lab      | Got a faintly humming plate armour
 21907 | Lab      | Identified the Handbook of the Lethal Rocks
 21920 | D:13     | Identified the +5 plate armour of Zinihagia {rN++ Str-3} (You took it off a minotaur in a labyrinth)
 22115 | D:4      | Bought a +4 plate armour of magic resistance for 550 gold pieces
 23471 | D:14     | Found a gate to the Vaults.
 23721 | D:14     | Noticed a sphinx
 24048 | D:14     | Reached XP level 15. HP: 124/124 MP: 23/23
 24155 | D:14     | Reached skill level 13 in Invocations
 24482 | D:14     | Noticed Roxanne
 24520 | D:14     | Killed Roxanne
 25390 | D:14     | Killed a sphinx
 25418 | D:14     | Found a portal to a secret trove of treasure.
 26128 | D:15     | Entered Level 15 of the Dungeon
 26196 | D:15     | Found a staircase to the Depths.
 26873 | D:15     | Found Qenielafal's Magic Scroll Emporium.
 26896 | D:15     | Bought a scroll of acquirement for 624 gold pieces
 27233 | Orc:1    | Entered Level 1 of the Orcish Mines
 27281 | Orc:1    | Noticed Josephine
 27293 | Orc:1    | Killed Josephine
 27395 | Orc:1    | Noticed Snorg
 27448 | D:11     | Killed Snorg
 27498 | Orc:1    | Found Seesofe's Book Boutique.
 27730 | Orc:2    | Entered Level 2 of the Orcish Mines
 28021 | Orc:2    | Found a staircase to the Elven Halls.
 28032 | Orc:2    | Reached ****** piety under Lugonu
 28441 | Orc:2    | Reached XP level 16. HP: 53/134 MP: 25/25
 28877 | Orc:1    | Reached skill level 10 in Fighting
 29177 | Orc:2    | Found Nuakkiv's General Store.
 29178 | Orc:2    | Found Touboxur's Jewellery Shop.
 29180 | Orc:2    | Found Heniopyludd's Antique Armour Boutique.
 29180 | Orc:2    | Found Inoenemn's Antique Weapon Boutique.
 29226 | Orc:2    | Bought the +4 chain mail "Ahelocsiy" {-Cast Str+9 Dex+8} for 782 gold pieces
 29244 | Orc:2    | Bought a pair of runed gloves for 252 gold pieces
 29321 | Elf:1    | Entered Level 1 of the Elven Halls
 29799 | Elf:1    | Reached skill level 14 in Invocations
 29910 | Elf:1    | Identified the Catalogue of Supportive Combat Magic
 30401 | Elf:1    | Got an ivory flail
 30402 | Elf:1    | Identified the +8 flail of Alar {elec, rElec Str+4 Dex+4 Stlth+} (You found it on level 1 of the Elven Halls)
 30636 | Elf:1    | Noticed a Tzitzimitl
 31173 | Elf:1    | Noticed a Hell Sentinel
 31187 | Elf:1    | Killed from afar by a Hell Sentinel

Skill      XL: |  1  2  3  4  5  6  7  8  9 10 11 12 13 14 15 16 |
---------------+-------------------------------------------------+-----
Dodging        | 1 2 3 4 |  4.9
Armour         | 2 3 4 5 6 7 8 9 10 11 | 11.6
Axes           | 2 3 4 5 6 7 8 9 10 11 12 13 | 13.3
Shields        | 1 2 3 4 5 7 8 9 10 12 13 | 13.7
Invocations    | 3 4 5 6 8 9 10 11 12 13 14 | 14.1
Fighting       | 4 5 6 7 8 9 10 | 10.3
Maces & Flails | |  0.1
Throwing       | |  0.5

Action                   |  1- 3 |  4- 6 |  7- 9 | 10-12 | 13-15 | 16-18 || total
-------------------------+-------+-------+-------+-------+-------+-------++-------
Melee: Hand axe          |   113 |   240 |   422 |       |   799 |       ||  1574
       War axe           |       |       |   236 |  1211 |  1252 |       ||  2699
       Broad axe         |       |       |       |       |   223 |   354 ||   577
       Flail             |       |       |       |       |       |    13 ||    13
Throw: Tomahawk          |       |       |     8 |     9 |     7 |     6 ||    30
Invok: Depart the Abyss  |     1 |       |       |       |       |       ||     1
       Banish            |       |     2 |     1 |    19 |    20 |     3 ||    45
       Bend Space        |       |       |       |     3 |     1 |       ||     4
Evoke: Wand              |       |       |       |     6 |     2 |       ||     8
  Use: Scroll            |     9 |     2 |     8 |     5 |    20 |     4 ||    48
       Potion            |       |     7 |       |     3 |    10 |     2 ||    22
  Eat: Chunk             |    15 |    28 |    43 |   127 |   205 |    30 ||   448
       Pizza             |       |       |       |       |     2 |       ||     2
Armor: Leather armour    |    35 |    84 |     1 |       |       |       ||   120
       Chain mail        |       |       |   295 |   265 |       |    91 ||   651
       Plate armour      |       |       |       |   413 |   916 |    36 ||  1365
Dodge: Dodged            |    33 |    61 |    74 |   171 |   233 |    65 ||   637
Block: Large shield      |    99 |   216 |   631 |  1725 |  2961 |   508 ||  6140
       Reflection        |       |       |       |    12 |   117 |    46 ||   175
